 Dungeon Crawl Stone Soup version 0.19-a0-1071-g4ed3155 (webtiles) character file.

382 4thArraOfDagon the Chopper (level 6, -9/52 HPs)
             Began as a Deep Dwarf Gladiator on Aug 5, 2016.
             Shot with a bolt by an orc warrior (16 damage)
             ... in a bailey.
             The game lasted 00:05:58 (849 turns).

4thArraOfDagon the Chopper (Deep Dwarf Gladiator)    Turns: 849, Time: 00:05:58

Health: -9/52      AC: 10    Str: 21    XL:     6   Next: 47%
Magic:  5/5        EV: 12    Int:  8    God:
Gold:   80         SH:  3    Dex: 13    Spells: 0 memorised, 5 levels left

rFire  . . .     SeeInvis .     g - +0 arbalest
rCold  . . .     Gourm    .     k - +4 ring mail of Opnism {rElec}
rNeg   . . .     Faith    .     (shield currently unavailable)
rPois  .         Spirit   .     c - +0 helmet
rElec  +         Dismiss  .     (no cloak)
rCorr  .         Reflect  +     (no gloves)
SustAt .         Harm     .     (no boots)
MR     .....                    m - +3 amulet of reflection
Stlth  +.........               (no ring)
                                (no ring)

@: non-regenerating
A: damage resistance, recharge devices, sense surroundings 1, slow regeneration
3
a: Device Recharging


You were in a bailey.
You were not hungry.

You visited 1 branch of the dungeon, and saw 7 of its levels.
You also visited: Bailey.

You collected 80 gold pieces.

Inventory:

Hand Weapons
 a - a +1 war axe
 g - a +0 arbalest (weapon)
Missiles
 d - 2 throwing nets
 j - 8 bolts (quivered)
Armour
 b - a +0 leather armour
 c - a +0 helmet (worn)
 k - the +4 ring mail of Opnism (worn) {rElec}
   (You found it on level 4 of the Dungeon)

   It insulates you from electricity.
 r - a +0 helmet
Jewellery
 m - a +3 amulet of reflection (around neck)
Wands
 e - a wand of heal wounds (1/9)
 q - a wand of lightning (6/15)
Scrolls
 i - a scroll of teleportation
 l - a scroll of enchant armour
Potions
 h - a potion of magic
 n - a potion of ambrosia {unknown}
 o - a potion of berserk rage
Comestibles
 f - 4 bread rations
 p - a meat ration


   Skills:
 - Level 1.7 Fighting
 - Level 6.2 Axes
 - Level 1.7 Throwing
 - Level 3.4 Armour
 - Level 3.2 Dodging
 + Level 3.8 Evocations


You had 5 spell levels left.
You didn't know any spells.

Dungeon Overview and Level Annotations

Branches:
Dungeon (7/15)
 Temple: D:4-7

Altars:
Gozag

Shops:
D:4 (

Annotations:
D:5 Edmund


Innate Abilities, Weirdness & Mutations

You are resistant to damage.
You can recharge devices by infusing magical energy.
You passively map a small area around you.
You do not regenerate naturally.


Message History

Firing (i - inventory. (,) - cycle):
j - 10 bolts (quivered)
Press: ? - help, Shift-Dir - straight line, f - orc
Aim: an orc, wielding an arbalest and wearing a ring mail (hasn't noticed you)
You shoot a bolt. The bolt barely misses the orc.
The orc shouts!
An orc warrior comes into view. It is wielding an arbalest.
Unknown command.
Firing (i - inventory. (,) - cycle):
j - 9 bolts (quivered)
Press: ? - help, Shift-Dir - straight line, f - orc warrior
Aim: an orc warrior, wielding an arbalest and wearing a ring mail (hasn't noticed you)
You shoot a bolt. The orc warrior shouts!
The bolt hits the orc warrior!
The orc warrior is moderately wounded.
The orc warrior shoots a bolt.
The bolt hits you!!
* * * LOW HITPOINT WARNING * * *
The orc shoots a bolt.
The bolt hits you!
* * * LOW HITPOINT WARNING * * *
The orc warrior shoots a bolt.
The bolt hits you!!
You die...

*
..≈≈≈≈≈....####
####.... ,
..........## ,
, ##(.. ,
.........## , '
##.. , ,
.........#,,*
,, ..
........## **
*** , #. *
........# * . ,
,........#* * ,
. ........# *
,, + ,
.......@# *+ *
*, , .........#
* , .........#
+ .......... *
* ..≈≈≈≈≈....*
, ,
.≈≈#.#≈≈.... **
* ,
.≈##.##≈..... ,
, * .≈,.^
)≈oo.... , ,


You could see an orc warrior and an orc.

Vanquished Creatures
  An orc warrior (Bailey)
  A black bear (D:7)
  A giant frog zombie (D:5)
  3 hounds (D:5)
  A worker ant (D:5)
  2 adders (D:2)
  A worm (D:7)
  A giant gecko (D:5)
  4 orcs (Bailey)
  2 goblins (D:1)
  2 hobgoblins
  2 quokkas
  3 bats
  A giant gecko zombie (D:7)
  3 giant newts
  2 rats
30 creatures vanquished.

Vanquished Creatures (others)
  An orc (Bailey)
1 creature vanquished.

Grand Total: 31 creatures vanquished

Notes
Turn   | Place    | Note
-------+----------+-------------------------------------------
     0 | D:1      | 4thArraOfDagon the Deep Dwarf Gladiator began the quest for the Orb.
     0 | D:1      | Reached XP level 1. HP: 19/19 MP: 1/1
    58 | D:2      | Found an opulent altar of Gozag.
    98 | D:2      | Reached skill level 1 in Armour
    98 | D:2      | Reached XP level 2. HP: 17/26 MP: 2/2
   107 | D:2      | Reached skill level 4 in Axes
   116 | D:2      | Reached XP level 3. HP: 20/32 MP: 3/3
   206 | D:4      | Got a crude ring mail
   217 | D:4      | Identified the +4 ring mail of Opnism {rElec} (You found it on level 4 of the Dungeon)
   224 | D:5      | Entered Level 5 of the Dungeon
   224 | D:5      | Noticed Edmund
   231 | D:4      | Noticed a scorpion
   256 | D:4      | Noticed an ogre
   510 | D:4      | Noticed a phantom
   540 | D:4      | Found Enun Heu's Weapon Emporium.
   609 | D:5      | Reached skill level 5 in Axes
   609 | D:5      | Reached XP level 4. HP: 23/39 MP: 4/4
   666 | D:5      | Reached XP level 5. HP: 23/45 MP: 5/5
   724 | D:7      | Noticed a black bear
   741 | D:7      | Killed a black bear
   741 | D:7      | Reached skill level 6 in Axes
   741 | D:7      | Reached skill level 1 in Evocations
   741 | D:7      | Reached XP level 6. HP: 24/52 MP: 5/7
   749 | D:7      | Found a flagged portal.
   758 | Bailey   | Entered a bailey
   778 | Bailey   | Noticed an orc warrior
   782 | Bailey   | Killed an orc warrior
   849 | Bailey   | Noticed an orc warrior
   849 | Bailey   | Shot with a bolt by an orc warrior

Vault maps used:
D:1:      lightli_arrival_farm, minmay_tiny_reverse_x
D:2:      kb_forest_paths, first_bread, minmay_strange_pillars,
          nicolae_gozag_cash_rules_everything_around_me
D:3:      grunt_temple_overflow_open, minivault_5, lemuel_statue_altar
D:4:      serial_shops, nicolae_shop_stone, kennysheep_boxes, uniq_sigmund
D:5:      uniq_edmund
D:6:      vehumet_statue, minivault_24
D:7:      enter_bailey_2
Bailey:   bailey_polearm_2, bailey

Skill      XL: |  1  2  3  4  5  6 |
---------------+-------------------+-----
Armour         | 1 2 3 |  3.4
Axes           | 4 5 6 |  6.2
Evocations     | 1 3 |  3.8
Fighting       | |  1.7
Throwing       | |  1.7
Dodging        | |  3.2

Action                   |  1- 3 |  4- 6 || total
-------------------------+-------+-------++-------
Melee: War axe           |    35 |    48 ||    83
 Fire: Arbalest          |       |     3 ||     3
Throw: Throwing net      |     2 |       ||     2
 Abil: Device Recharging |       |     3 ||     3
Evoke: Wand              |     2 |    11 ||    13
  Use: Scroll            |     1 |     6 ||     7
Armor: Leather armour    |    35 |       ||    35
       Ring mail         |    45 |    38 ||    83
Dodge: Dodged            |   152 |    51 ||   203
Block: Other             |     8 |    13 ||    21
       Reflection        |       |     1 ||     1
